Map: Dusty Gorge

Players

Martendo

  • Race: Protoss Protoss
  • League: Gold
  • Spawn Location: 11:00

Pat

  • Race: Terran Terran
  • Spawn Location: 9:00

Throwfordays - Winner!

  • Race: Protoss Protoss
  • League: Bronze
  • Spawn Location: 3:00

Cthulhu - Winner!

  • Race: Terran Terran
  • Spawn Location: 5:00

VOD

Have the link to the VOD?

Description

Time

  • Played on: Feb. 1, 2019, 8:59 p.m.
  • Length: 6:42
Show
View Real Time Build Order
Export as new Build Order

Martendo Protoss 

Build Orders:  

Get SALT Encoding   

  12  0:00  Probe  
  13  0:12  Probe  
  14  0:26  Pylon  
  14  0:27  Probe  
  15  0:38  Assimilator  
  15  0:46  Probe  
  15  0:47  Gateway  
  15  0:54  Probe  
  17  1:04  Probe  
  18  1:12  Probe  
  18  1:15  Pylon  
  19  1:20  Probe  
  20  1:30  Gateway  
  20  1:31  Probe  
  21  1:43  Cybernetics Core  
  21  1:45  Zealot  
  23  1:54  Pylon  
  23  2:09  Forge  
  23  2:26  Warp Gate  
  23  2:28  Stalker x2  
  27  2:48  Photon Cannon  
  27  2:51  Photon Cannon  
  26  3:06  Photon Cannon  
  24  3:17  Nexus  
  24  3:25  Probe  
  24  3:26  Assimilator  
  24  3:33  Probe  
  25  3:37  Assimilator  
  26  3:43  Probe  
  26  3:46  Pylon  
  27  3:49  Stalker  
  27  3:54  Sentry  
  31  4:09  Pylon  
  30  4:36  Probe  
  29  4:40  Stalker  
  27  4:59  Stalker  
  28  5:05  Probe  
  28  5:17  Stalker  
  30  5:24  Robotics Facility  
  30  5:32  Stalker  
  32  5:41  Photon Cannon  
  32  5:45  Photon Cannon  
  32  5:49  Shield Battery  
  32  5:52  Probe  
  33  6:01  Probe  
  31  6:04  Stalker  
  34  6:21  Shield Battery  
  29  6:29  Stalker  
Show
View Real Time Build Order
Export as new Build Order

Pat Terran 

Build Orders:  

Get SALT Encoding   

  12  0:02  SCV  
  13  0:17  Supply Depot  
  13  0:19  SCV  
  14  0:33  SCV  
  15  0:41  Barracks  
  15  0:51  Barracks  
  15  0:54  SCV  
  16  1:07  SCV  
  17  1:14  Refinery  
  17  1:18  Refinery  
  17  1:29  Marine  
  18  1:33  SCV  
  19  1:45  Marine, Supply Depot  
  20  1:48  Orbital Command  
  20  1:50  Marine  
  21  2:03  Marine  
  21  2:08  Marine  
  23  2:16  SCV  
  23  2:21  Marine  
  25  2:26  Marine, Factory  
  23  3:18  Factory Tech Lab  
  22  3:20  Marine  
  22  3:21  Marine  
  22  3:25  Supply Depot  
  24  3:29  SCV  
  22  3:36  Engineering Bay  
  22  3:37  Command Center  
  22  3:38  Siege Tank  
  24  3:41  SCV  
  24  3:53  SCV  
  20  4:02  Marine x2  
  9  4:20  Marine  
  9  4:27  Marine  
  10  4:52  SCV  
  10  4:58  SCV  
  11  5:05  SCV  
  10  5:27  Marine x2  
  4  5:42  SCV  
  5  5:45  Marine  
  5  5:46  Marine  
  7  5:55  SCV  
  8  5:57  Orbital Command  
  8  6:01  Siege Tank  
  11  6:07  SCV  
  11  6:22  SCV  
Show
View Real Time Build Order
Export as new Build Order

Throwfordays Protoss - Winner!

Build Orders:  

Get SALT Encoding   

  1  0:00  Probe  
  12  0:05  Probe  
  14  0:18  Pylon  
  14  0:21  Probe  
  15  0:36  Probe  
  15  0:39  Gateway  
  16  0:45  Assimilator  
  16  0:48  Probe  
  17  1:00  Probe  
  18  1:04  Pylon  
  18  1:12  Probe  
  19  1:23  Pylon  
  19  1:26  Cybernetics Core  
  19  1:30  Assimilator  
  19  1:45  Warp Gate  
  19  1:50  Probe  
  20  1:56  Zealot  
  22  2:02  Probe  
  23  2:22  Stalker  
  25  2:43  Adept  
  22  3:08  Probe  
  23  3:23  Probe  
  24  3:35  Probe  
  25  3:42  Adept  
  25  3:45  Nexus  
  25  3:47  Probe  
  25  3:48  Pylon  
  28  3:53  Gateway  
  28  3:55  Gateway  
  28  3:57  Gateway  
  28  4:04  Adept  
  30  4:25  Pylon  
  28  4:45  Adept  
  30  4:52  Adept  
  30  4:53  Adept x2  
  30  4:54  Probe x2  
  38  5:02  Probe x2  
  40  5:11  Probe  
  40  5:12  Probe  
  40  5:24  Probe  
  39  5:36  Probe  
  39  5:40  Adept x4  
  48  5:51  Gateway  
  44  6:11  Stalker x4  
  52  6:21  Probe  
  52  6:22  Probe  
Show
View Real Time Build Order
Export as new Build Order

Cthulhu Terran - Winner!

Build Orders:  

Get SALT Encoding   

  12  0:01  SCV  
  13  0:13  SCV  
  14  0:21  Supply Depot  
  14  0:26  SCV  
  15  0:32  Refinery  
  15  0:45  Barracks  
  15  0:47  SCV  
  16  1:07  Supply Depot  
  16  1:25  Barracks  
  16  1:38  Reaper  
  17  1:40  Orbital Command  
  17  1:46  Supply Depot  
  17  2:07  SCV  
  18  2:11  Reaper  
  18  2:13  Reaper  
  20  2:17  Barracks  
  20  2:20  Refinery  
  20  2:22  SCV  
  21  2:48  SCV  
  21  2:49  Reaper x2  
  24  3:19  Reaper  
  25  3:21  Reaper, SCV  
  27  3:33  Command Center  
  27  4:06  Reaper x3, SCV  
  25  4:38  Reaper x2  
  25  4:45  Reaper  
  28  4:46  SCV  
  28  4:50  Orbital Command  
  28  4:52  Refinery  
  29  5:04  SCV  
  29  5:07  Command Center  
  29  5:15  Barracks Reactor x2  
  29  5:16  Engineering Bay  
  29  5:17  Barracks  
  29  5:24  Barracks Tech Lab  
  29  5:26  SCV x2  
  31  5:59  Marine, SCV  
  31  6:00  Marine x4  
  37  6:17  Marine x4  
  37  6:18  Marine  
Tags
 
Add a new tag
Caveats
  • Supply blocks, unpowered buildings, or Contaminate may cause inaccurate times.
  • Supply counts are checked every 10 seconds.